 Dungeon Crawl Stone Soup version 0.17.0-1-g61d176b (webtiles) character file.

23895 TruthSerum the Fighter (level 12, 0/115 HPs)
             Began as a Minotaur Fighter on Nov 8, 2015.
             Was the Champion of Okawaru.
             Slain by a yak (10 damage)
             ... on level 12 of the Dungeon.
             The game lasted 00:49:18 (11090 turns).

TruthSerum the Fighter (Minotaur Fighter)          Turns: 11090, Time: 00:49:18

Health: 0/115      AC: 27    Str: 23    XL:     12   Next: 75%
Magic:  23/27      EV:  6    Int:  5    God:    Okawaru [******]
Gold:   750        SH: 12    Dex: 13    Spells: 0 memorised, 11 levels left

rFire  . . .     SeeInvis +     u - +2 mace of a bailey {crush, rN+ MR- MP+9 SInv}
rCold  . . .     Clarity  .     J - +5 plate armour of Curiosity {rPois}
rNeg   + . .     SustAt   .     c - +0 shield
rPois  +         Gourm    .     (helmet restricted)
rElec  .         Spirit   .     i - +2 cloak
rCorr  .         Warding  .     f - +0 pair of gloves
rMut   .         Stasis   .     N - +1 pair of boots {Fly}
MR     +....                    (no amulet)
Stlth  ..........               (no ring)
                                E - ring of protection from magic

@: finesse, flying, somewhat resistant to hostile enchantments, extremely
unstealthy
A: retaliatory headbutt, horns 2, magic resistance 1
a: Heroism, Finesse, Renounce Religion, Stop Flying


You were on level 12 of the Dungeon.
You worshipped Okawaru.
Okawaru was exalted by your worship.
You were hungry.

You visited 2 branches of the dungeon, and saw 13 of its levels.
You also visited: Sewer.

You collected 750 gold pieces.

Inventory:

Hand Weapons
 u - the +2 mace of a bailey (weapon) {crush, rN+ MR- MP+9 SInv}
   (You found it on level 4 of the Dungeon)

   It inflicts extra damage upon your enemies.
   It protects you from negative energy.
   It affects your resistance to hostile enchantments.
   It affects your magic capacity (+9).
   It lets you see invisible.
 x - a +1 flail of crushing
Armour
 a - a +3 plate armour of positive energy
 c - a +0 shield (worn)
 f - a +0 pair of gloves (worn)
 i - a +2 cloak (worn)
 J - the +5 plate armour of Curiosity (worn) {rPois}
   (You found it on level 9 of the Dungeon)

   It protects you from poison.
 N - a +1 pair of boots of flying (worn)
Rods
 t - a +2 iron rod (9/9)
   (You found it on level 10 of the Dungeon)
Jewellery
 E - a ring of protection from magic (left hand)
 F - an uncursed ring of ice
Wands
 d - a wand of confusion (30)
 k - a wand of cold (9)
 G - a wand of cold (8)
 M - a wand of hasting (4)
Scrolls
 b - 4 scrolls of recharging
 m - 3 scrolls of fear
 o - 4 scrolls of teleportation
 w - 3 scrolls of amnesia
 y - 10 scrolls of remove curse
 K - 2 scrolls of fog
Potions
 g - a potion of invisibility
 j - a potion of brilliance
 l - 5 potions of curing
 n - a potion of berserk rage
 q - a potion of haste
 r - 4 potions of ambrosia
 v - a potion of cure mutation
 A - 2 potions of lignification
 B - a potion of might
 D - a potion of resistance
 I - a potion of cancellation
 L - a potion of magic
Miscellaneous
 h - a phantom mirror
Comestibles
 e - 10 bread rations
 p - 3 slices of pizza
 s - 7 fruits
 z - 4 royal jellies
 C - 8 beef jerkies
 H - 5 meat rations


   Skills:
 + Level 13.1 Fighting
 + Level 13.0 Maces & Flails
 + Level 10.5 Armour
 + Level 10.5 Shields
 + Level 9.9 Invocations


You had 11 spell levels left.
You didn't know any spells.

Dungeon Overview and Level Annotations

Branches:
Dungeon (12/15)            Temple (1/1) D:7            Lair (0/8) D:11
    Orc (0/4) D:10

Altars:
Ashenzari
Cheibriados
Dithmenos
Elyvilon
Fedhas
Gozag
Kikubaaqudgha
Makhleb
Nemelex Xobeh
Okawaru
Qazlal
Ru
Sif Muna
Trog
Vehumet
Xom
Yredelemnul
Zin
The Shining One

Shops:
D:9 :   D:12 %


Innate Abilities, Weirdness & Mutations

You reflexively headbutt those who attack you in melee.
You have a pair of horns on your head.
You are resistant to hostile enchantments.


Message History

The yak barely misses you. You furiously retaliate!
You headbutt the yak. You hit Rupert but do no damage.
Rupert is almost dead.
Rupert yells loudly at you. You resist with some effort.
You sock Rupert! You headbutt Rupert, but do no damage.
Rupert is almost dead.
The yak gores you but does no damage.
You hit Rupert.
You kill Rupert!
Okawaru is honoured by your kill. Something appears at your feet!
Okawaru grants you a gift!
Your Maces & Flails skill increases to level 13!
You sock the yak!
The yak is moderately wounded.
You hit the yak but do no damage.
The yak is moderately wounded.
The yak gores you!
You die...

#....# #....# #....#
##### #....# # #...###
#?...# ..##
#.#...####....#
.....##
##.###.#.......#
#..Y##..# #.........#
#YY@..## ##.#(.#####
###...#####))((.).##
##o.......)####...
###.#...#.#########
................... ##
# ##...#.#......####
.. .#.
##.>.##...####..### .#
...##.........# ##....
##.#
......#.####.#########


You could see 3 yaks and an orc wizard.

Vanquished Creatures
  Rupert (D:12)
  Maud (D:12)
  Harold (D:12)
  Erolcha (D:12)
  A centaur warrior (D:11)
  An unseen horror (D:11)
  Pikel (D:6)
  2 hill giants (D:10)
  The ghost of keekatzer the Skirmisher, a novice FoAK of Lugonu (D:6)
  An oklob plant (D:10)
  A manticore (D:12)
  Maurice (D:9)
  An efreet (D:10)
  3 kobold demonologists (D:12)
  3 trolls
  A two-headed ogre (D:12)
  Duvessa (D:6)
  Sigmund (D:4)
  A shadow (D:12)
  3 wyverns
  26 yaks
  2 hippogriffs
  A basilisk (D:11)
  Eustachio (D:6)
  2 deep elf magi (D:11)
  Menkaure (D:4)
  A hungry ghost (D:10)
  A water moccasin (D:11)
  5 orc warriors
  3 ice beasts
  3 phantoms
  2 eyes of draining
  A sky beast (D:12)
  3 ogres
  2 crocodiles
  4 centaurs
  5 big kobolds
  10 giant frogs
  Dowan (D:6)
  4 scorpions
  The ghost of gw the Skirmisher, a weakling DsFi (D:3)
  9 killer bees
  10 wights
  3 centaur zombies
  5 crimson imps
  3 giant frog zombies
  4 giant frog skeletons
  6 hounds
  3 jellies
  Crazy Yiuf (D:4)
  7 centaur skeletons
  3 orc priests
  2 quasits
  8 worker ants
  Terence (D:3)
  4 orc wizards
  An iguana (D:9)
  2 killer bee zombies
  A hound zombie (D:4)
  A hound skeleton (D:4)
  A worker ant zombie (D:10)
  2 river rats (D:11)
  3 gnolls (D:5)
  25 adders
  4 shadow imps
  10 oozes
  2 adder skeletons
  5 adder zombies
  A worm (D:5)
  21 giant geckos
  32 orcs
  6 ball pythons
  5 bats
  11 giant cockroaches
  11 hobgoblins
  3 jackals (D:8)
  3 quokkas
  A giant cockroach zombie (D:4)
  A giant gecko zombie (D:4)
  10 giant newts
  13 goblins
  21 kobolds
  2 quokka zombies
  6 rats
  4 fungi (D:11)
  A plant (D:11)
384 creatures vanquished.

Vanquished Creatures (others)
  An ice beast (D:6)
  2 slaves (D:6)
  4 orcs
  19 fungi (D:11)
26 creatures vanquished.

Grand Total: 410 creatures vanquished

Notes
Turn   | Place    | Note
--------------------------------------------------------------
     0 | D:1      | TruthSerum the Minotaur Fighter began the quest for the Orb.
     0 | D:1      | Reached XP level 1. HP: 19/19 MP: 0/0
    54 | D:1      | Reached XP level 2. HP: 25/27 MP: 1/1
    55 | D:1      | Reached skill level 4 in Fighting
   541 | D:1      | Reached XP level 3. HP: 34/34 MP: 2/2
   771 | D:2      | Found a shimmering altar of Xom.
   819 | D:2      | Found a shadowy altar of Dithmenos.
   898 | D:2      | Found a faded altar to an unknown god.
   904 | D:2      | Found an opulent altar of Gozag.
  1272 | D:3      | Found an iron altar of Okawaru.
  1285 | D:3      | Became a worshipper of Warmaster Okawaru
  1293 | D:3      | Noticed gw's ghost (weakling DsFi)
  1311 | D:3      | Killed gw's ghost
  1311 | D:3      | Reached skill level 5 in Fighting
  1311 | D:3      | Reached XP level 4. HP: 30/42 MP: 3/3
  1327 | D:3      | Found a snail-covered altar of Cheibriados.
  1461 | D:3      | Noticed Terence
  1465 | D:3      | Killed Terence
  1465 | D:3      | Reached skill level 5 in Maces & Flails
  1465 | D:3      | Reached XP level 5. HP: 48/48 MP: 4/4
  1903 | D:4      | Noticed Menkaure
  1907 | D:4      | Killed Menkaure
  1907 | D:4      | Reached * piety under Okawaru
  1907 | D:4      | Reached skill level 6 in Fighting
  1907 | D:4      | Reached XP level 6. HP: 39/57 MP: 5/5
  2042 | D:4      | Reached skill level 7 in Fighting
  2161 | D:4      | Reached XP level 7. HP: 57/66 MP: 6/6
  2253 | D:4      | Noticed Sigmund
  2267 | D:4      | Killed Sigmund
  2267 | D:4      | Reached ** piety under Okawaru
  2267 | D:4      | Reached skill level 1 in Invocations
  2370 | D:4      | Noticed Crazy Yiuf
  2374 | D:4      | Killed Crazy Yiuf
  2378 | D:4      | Got a fine mace
  2379 | D:4      | Identified the cursed +2 mace of a bailey {crush, rN+ MR- MP+9 SInv} (You found it on level 4 of the Dungeon)
  2576 | D:5      | Entered Level 5 of the Dungeon
  2772 | D:5      | Found a stormy altar of Qazlal.
  3249 | D:5      | Reached skill level 8 in Fighting
  3297 | D:5      | Found a glowing drain.
  3301 | Sewer    | Entered a sewer
  3555 | Sewer    | Reached XP level 8. HP: 68/74 MP: 9/9
  3993 | D:6      | Noticed Pikel
  4009 | D:6      | Killed Pikel
  4009 | D:6      | Reached *** piety under Okawaru
  4009 | D:6      | Reached skill level 9 in Fighting
  4086 | D:6      | Noticed keekatzer's ghost (novice FoAK)
  4109 | D:6      | Killed keekatzer's ghost
  4109 | D:6      | Reached skill level 5 in Invocations
  4109 | D:6      | Reached XP level 9. HP: 25/84 MP: 11/11
  4402 | D:6      | Noticed Eustachio
  4425 | D:6      | Killed Eustachio
  4425 | D:6      | Reached **** piety under Okawaru
  4602 | D:6      | Noticed Duvessa
  4606 | D:6      | Noticed Dowan
  4610 | D:6      | Killed Duvessa
  4646 | D:6      | Killed Dowan
  4742 | D:6      | Found a bloodstained altar of Trog.
  4839 | D:6      | Found a shattered altar of Ashenzari.
  4878 | D:7      | Reached skill level 10 in Fighting
  5230 | D:7      | Found a staircase to the Ecumenical Temple.
  5237 | D:7      | Reached skill level 10 in Maces & Flails
  5252 | Temple   | Entered the Ecumenical Temple
  5453 | D:7      | Found a shimmering altar of Xom.
  5453 | D:7      | Found a shimmering altar of Xom.
  5453 | D:7      | Found a shimmering altar of Xom.
  5454 | D:7      | Found a shimmering altar of Xom.
  5454 | D:7      | Found a shimmering altar of Xom.
  5454 | D:7      | Found a shimmering altar of Xom.
  5454 | D:7      | Found a shimmering altar of Xom.
  5455 | D:7      | Found a shimmering altar of Xom.
  5456 | D:7      | Found a shimmering altar of Xom.
  5689 | D:7      | Reached skill level 5 in Armour
  5762 | D:8      | Found a burning altar of Makhleb.
  5810 | D:8      | Reached skill level 5 in Shields
  5848 | D:8      | Found a basalt altar of Yredelemnul.
  5896 | D:8      | Found a blossoming altar of Fedhas.
  5906 | D:8      | Noticed a centaur zombie
  5914 | D:8      | Killed a centaur zombie
  5914 | D:8      | Reached XP level 10. HP: 57/94 MP: 13/13
  6133 | D:8      | Noticed a centaur skeleton
  6142 | D:8      | Killed a centaur skeleton
  6155 | D:8      | Found a glowing silver altar of Zin.
  6283 | D:8      | Reached ***** piety under Okawaru
  6495 | D:8      | Found a glowing golden altar of the Shining One.
  6630 | D:9      | Found Eniusieg's Book Shop.
  6637 | D:9      | Noticed Maurice
  6665 | D:9      | Killed Maurice
  6685 | D:9      | Got a bloodstained plate armour
  6696 | D:9      | Identified the +5 plate armour of Curiosity {rPois} (You found it on level 9 of the Dungeon)
  7208 | D:9      | Reached skill level 11 in Fighting
  7422 | D:10     | Entered Level 10 of the Dungeon
  7534 | D:10     | Noticed an oklob plant
  7535 | D:10     | Found a shimmering altar of Xom.
  7820 | D:10     | Killed an oklob plant
  7858 | D:10     | Noticed a hill giant
  7873 | D:10     | Killed a hill giant
  7873 | D:10     | Reached XP level 11. HP: 83/102 MP: 15/15
  8148 | D:10     | Gained mutation: You are resistant to hostile enchantments. [potion of beneficial mutation]
  8163 | D:10     | Found a staircase to the Orcish Mines.
  8223 | D:10     | Identified a scroll of acquirement
  8236 | D:10     | Noticed a hill giant
  8240 | D:10     | Killed a hill giant
  8240 | D:10     | Received a gift from Okawaru
  8733 | D:11     | Noticed an unseen horror
  8756 | D:11     | Killed an unseen horror
  8965 | D:11     | Found a staircase to the Lair.
  9015 | D:11     | Reached skill level 12 in Fighting
  9967 | D:11     | Noticed a centaur warrior
  9981 | D:11     | Killed a centaur warrior
  9981 | D:11     | Received a gift from Okawaru
 10184 | D:12     | Reached XP level 12. HP: 109/113 MP: 17/17
 10223 | D:12     | Found Buz Cou's Food Emporium.
 10387 | D:12     | Noticed Harold
 10413 | D:12     | Killed Harold
 10486 | D:12     | Noticed Maud
 10495 | D:12     | Noticed Erolcha
 10515 | D:12     | Killed Maud
 10533 | D:12     | Killed Erolcha
 10533 | D:12     | Reached skill level 10 in Shields
 10537 | D:12     | Reached skill level 10 in Armour
 11056 | D:12     | Noticed Rupert
 11066 | D:12     | Reached skill level 13 in Fighting
 11088 | D:12     | Killed Rupert
 11088 | D:12     | Received a gift from Okawaru
 11088 | D:12     | Reached ****** piety under Okawaru
 11090 | D:12     | Slain by a yak

Action                   |  1- 3 |  4- 6 |  7- 9 | 10-12 || total
-------------------------+-------+-------+-------+-------++-------
Melee: Flail             |   105 |    94 |    22 |       ||   221
       Mace              |       |       |   378 |   887 ||  1265
Invok: Heroism           |       |       |     4 |     3 ||     7
       Finesse           |       |       |       |     7 ||     7
  Use: Potion            |       |     1 |     2 |     2 ||     5
       Scroll            |       |       |    16 |    16 ||    32
 Stab: Invisible         |       |       |     1 |       ||     1
  Eat: Chunk             |     1 |     3 |    13 |    19 ||    36
       Fruit             |       |       |       |     1 ||     1
